 Dungeon Crawl Stone Soup version 0.28-a0-1199-gef9e1dbd39 (webtiles) character file.

Game seed: 13234501786872383728

179 karrick the Covered (level 5, 0/33 HPs)
             Began as a Gargoyle Fighter on Dec 20, 2021.
             Slain by a gnoll (2 damage)
             ... on level 4 of the Dungeon.
             The game lasted 00:03:26 (3178 turns).

karrick the Covered (Gargoyle Fighter)              Turns: 3178, Time: 00:03:27

Health: 0/33       AC: 13    Str: 18    XL:     5   Next: 59%
Magic:  4/4        EV:  9    Int:  8    God:
Gold:   138        SH:  4    Dex: 11    Spells: 4/4 levels left

rFire   . . .      SeeInvis .   a - +0 flail
rCold   . . .      Faith    .   c - +0 buckler
rNeg    + . .      Spirit   .   b - +0 scale mail
rPois   ∞          Reflect  .   (helmet restricted)
rElec   +          Harm     .   (no cloak)
rCorr   .          Rampage  .   m - +1 pair of gloves
Will    .....                   (no boots)
Stlth   ..........              (no amulet)
HPRegen 0.11/turn               (no ring)
MPRegen 0.09/turn               (no ring)

@: mighty, attractive, hasted, very quick
A: sickness immunity, AC +4, negative energy resistance 1, electricity
resistance, torment resistance 1, petrification resistance, beak, low mp 1, weak
1
a: no special abilities


You were on level 4 of the Dungeon.
You visited 1 branch of the dungeon, and saw 5 of its levels.

You collected 138 gold pieces.

Inventory:

Hand Weapons
 a - a +0 flail (weapon)
Armour
 b - a +0 scale mail (worn)
 c - a +0 buckler (worn)
 m - a +1 pair of gloves (worn)
Jewellery
 k - a +6 ring of intelligence
Scrolls
 h - a scroll of amnesia
 j - a scroll of identify {unknown}
 l - a scroll of enchant armour
Potions
 g - a potion of haste


   Skills:
 + Level 4.1 Fighting
 + Level 3.7 Maces & Flails
 + Level 4.3 Armour
 + Level 0.6 Dodging
 + Level 0.2 Stealth
 + Level 3.8 Shields


You had 4 spell levels left.
You didn't know any spells.
Your spell library contained the following spells:

 Spells                   Type           Power      Damage    Failure   Level
 Slow                     Hex            0%         N/A       80%         1
 Confusing Touch          Hex            0%         N/A       99%         3
 Yara's Violent Unravell  Hex/Tmut       0%         3d3       100%        5


Dungeon Overview and Level Annotations

Branches:
Dungeon (5/15)
 Temple: D:4-7

Altars:
Yredelemnul


Innate Abilities, Weirdness & Mutations

You are immune to sickness and miasma.
Your stone body is resilient. (AC +4)
You are immune to poison.
You resist negative energy. (rN+)
You are resistant to electric shocks. (rElec)
You are resistant to unholy torment.
You are immune to petrification.
You have a beak for a mouth.
Your magical capacity is low. (-10% MP)
You are weak. (Str -2)


Message History

You kill Ijyb!
Your scale mail prevents you from hitting the gnoll.
The gnoll hits you but does no damage.
You barely miss the gnoll. You block the gnoll's attack. The gnoll misses you.
You closely miss the gnoll. The gnoll barely misses you.
You closely miss the gnoll. The gnoll hits you with a +0 halberd!
* * * LOW HITPOINT WARNING * * *
It was a potion of haste.
You feel yourself speed up. The gnoll hits you with a +0 halberd.
* * * LOW HITPOINT WARNING * * *
It was a potion of attraction.
You feel attractive to monsters. You block the gnoll's attack.
The gnoll is attracted toward you. You block the gnoll's attack.
The gnoll is attracted toward you. x2
The gnoll hits you from afar with a +0 halberd.
* * * LOW HITPOINT WARNING * * *
The gnoll is attracted toward you.
It was a potion of mutation.
You feel extremely strange.
You feel weaker.
You feel less energetic.
Your mouth lengthens and hardens into a beak! 2 jackals come into view.
The jackal barks! x2
You block the gnoll's attack. The gnoll is attracted toward you.
The jackal is attracted toward you. The gnoll is attracted toward you.
The jackal is attracted toward you.
You thump the jackal!
You kill the jackal!
The gnoll barely misses you.
As you read the scroll labelled ZEMEUT QUREYTO, it crumbles to dust.
It is a scroll of amnesia.
You feel forgetful for a moment. The jackal barely misses you.
As you read the scroll labelled EKHLUD YSTRIREC, it crumbles to dust.
It is a scroll of enchant armour.
Your +0 pair of gloves glows green for a moment.
The jackal bites you but does no damage.
As you read the scroll labelled BECHUREMIO, it crumbles to dust.
You hear a loud clanging noise!
It was a scroll of noise.
The gnoll hits you with a +0 halberd.
You die...

##########g..# #.#.#
# # ###g#.# #.#
#.._..# #.# #.#.###
####.#.##.#.# #
#..§###.g...#
#...####g##§#.######
....§.h@g###§##
#...###### #.# # ..#
####


You could see 2 gnolls and a jackal.

Vanquished Creatures
  A scorpion (D:4)
  Ijyb (D:4)
  3 adders
  An ufetubus (D:5)
  A worm (D:3)
  2 orcs
  4 endoplasms
  A giant cockroach (D:2)
  4 goblins
  11 hobgoblins
  A jackal (D:4)
  6 kobolds
  2 quokkas
  8 ball pythons
  3 bats
  5 frilled lizards
  3 rats
57 creatures vanquished.

Vanquished Creatures (others)
  A fungus (D:1)
1 creature vanquished.

Grand Total: 58 creatures vanquished

Notes
Turn   | Place    | Note
-------+----------+-------------------------------------------
     0 | D:1      | karrick the Gargoyle Fighter began the quest for the Orb.
     0 | D:1      | Reached XP level 1. HP: 14/14 MP: 1/1
   242 | D:1      | Found a faded altar of an unknown god.
   258 | D:1      | Reached XP level 2. HP: 19/19 MP: 2/2
   787 | D:1      | Reached XP level 3. HP: 18/23 MP: 3/3
  1166 | D:2      | You fall into a shaft and drop 1 floor!
  1971 | D:3      | Reached XP level 4. HP: 26/29 MP: 4/4
  3067 | D:4      | Noticed a scorpion
  3076 | D:5      | Entered Level 5 of the Dungeon
  3099 | D:4      | Noticed Ijyb
  3138 | D:4      | Found a basalt altar of Yredelemnul.
  3138 | D:4      | Noticed a scorpion
  3155 | D:4      | Killed a scorpion
  3156 | D:4      | Reached XP level 5. HP: 12/33 MP: 5/5
  3163 | D:4      | Killed Ijyb
  3172 | D:4      | HP: 1/33 [gnoll (4)]
  3173 | D:4      | Gained mutation: You are weak. (Str -2) [potion of
                  | mutation]
  3173 | D:4      | Gained mutation: Your magical capacity is low. (-10% MP)
                  | [potion of mutation]
  3173 | D:4      | Gained mutation: You have a beak for a mouth. [potion of
                  | mutation]
  3178 | D:4      | Slain by a gnoll

Illustrated notes

Levels and vault maps discovered:
D:1:      scummos_arrival_checkerplants, layout_loops_ring,
          hellmonk_ecumenical_altar_crossroads, minmay_tripent
D:2:      layout_loops_ring
D:3:      layout_basic, grunt_decor_mini_mirrors, hex_tiny,
          palyth_stone_intersect, lemuel_old_faithful
D:4:      layout_loops_ring, nicolae_dithmenos_the_darkroom,
          general_overflow_altar, lemuel_crystal_altar, moated_statue,
          uniq_sigmund, uniq_ijyb
D:5:      layout_rooms, nicolae_overflow_squiral, lemuel_crystal_altar

Skill      XL: |  1  2  3  4 |
---------------+-------------+-----
Maces & Flails | 3 |  3.7
Fighting       | 4 |  4.1
Armour         | 4 |  4.3
Dodging        | |  0.6
Stealth        | |  0.2
Shields        | |  3.8

Action                   |  1- 3 |  4- 6 || total
-------------------------+-------+-------++-------
Melee: Flail             |   139 |    76 ||   215
  Use: Scroll            |       |     4 ||     4
       Potion            |       |     4 ||     4
Armor: Scale mail        |    61 |    41 ||   102
Dodge: Dodged            |    73 |    38 ||   111
Block: Buckler           |    25 |    25 ||    50

Table legend: (Time is in decaauts)
 A = Elapsed time spent in this place.
 B = Non-inter-level travel time spent in this place.
 C = Inter-level travel time spent in this place.
 D = Time resting spent in this place.
 E = Time spent auto-exploring this place.
 F = Levels seen in this place.
 G = Mean time per level.
                   A        B        C        D        E       F      G
               +--------+--------+--------+--------+--------+-----+--------+
         Total |   3236 |   3083 |    153 |      0 |   2549 |   5 |  647.2 |
       Dungeon |   3236 |   3083 |    153 |      0 |   2549 |   5 |  647.2 |
               +--------+--------+--------+--------+--------+-----+--------+

Top non-repeatable levels by time:
     D:3: 1175 daAuts
     D:1: 1137 daAuts
     D:2: 811 daAuts
     D:4: 100 daAuts
     D:5: 12 daAuts
